 Dungeon Crawl Stone Soup version 0.32-a0-814-g0968bab981 (webtiles) character file.

Game seed: 926997011518889176

39 spacecowgir1 the Chiller (level 3, -1/19 HPs)
             Began as a Deep Elf Ice Elementalist on Mar 22, 2024.
             Slain by a ribbon worm (4 damage)
             ... on level 2 of the Dungeon.
             The game lasted 00:04:35 (1348 turns).

spacecowgir1 the Chiller (DEIE)                     Turns: 1348, Time: 00:04:36

Health: -1/19      AC:  2    Str:  7    XL:     3   Next: 26%
Magic:  4/9        EV: 12    Int: 19    God:
Gold:   79         SH:  0    Dex: 15    Spells: 2/8 levels left

rFire   . . .        e - +0 dagger (protect)
rCold   . . .        (no shield)
rNeg    . . .        a - +0 robe
rPois   .            (no helmet)
rElec   .            (no cloak)
rCorr   .            (no gloves)
SInv    +            (no boots)
Will    .....        c - amulet of the acrobat
Stlth   ++           d - ring of see invisible
HPRegen 0.23/turn    (no ring)
MPRegen 0.11/turn

%: acrobat
@: no status effects
A: no striking features
a: no special abilities


You were on level 2 of the Dungeon.
You visited 1 branch of the dungeon, and saw 2 of its levels.

You collected 79 gold pieces.

Inventory:

Hand Weapons
 e - a +0 dagger of protection (weapon)
Armour
 a - a +0 robe (worn)
Jewellery
 c - an amulet of the acrobat (around neck)
 d - a ring of see invisible (left hand)
Scrolls
 f - a scroll of immolation {unknown}
 h - 3 scrolls of identify {unknown}
 i - 2 scrolls of vulnerability {unknown}
 k - a scroll of noise {unknown}
Potions
 b - a potion of magic
 g - 2 potions of curing {unknown}
 j - a potion of lignification {unknown}


   Skills:
 + Level 2.8 Dodging
 + Level 2.9 Stealth
 + Level 3.4 Spellcasting
 + Level 5.1 Ice Magic


You had 2 spell levels left.
You knew the following spells:

 Your Spells              Type           Power      Damage    Failure   Level
a - Freeze                Ice            88%        1d9       1%          1
b - Call Imp              Summ           6%         N/A       22%         2
c - Frozen Ramparts       Ice            44%        1d7       5%          3

Your spell library contained the following spells:

 Spells                   Type           Power      Damage    Failure   Level
 Sublimation of Blood     Necr           3%         N/A       22%         2
 Ozocubu's Armour         Ice            22%        N/A       5%          3
 Summon Ice Beast         Ice/Summ       13%        N/A       16%         3
 Summon Hydra             Summ           1%         N/A       100%        7


Dungeon Overview and Level Annotations

Branches:
Dungeon (2/15)

Altars:


Message History

You see here a +0 dagger.
You now have 79 gold pieces (gained 9).
A ribbon worm comes into view.
Found a stone staircase leading up.
A ribbon worm is nearby!
The ribbon worm expels a string of sticky webbing.
The stream of webbing misses you.
You freeze the ribbon worm.
The ribbon worm is lightly wounded.
The ribbon worm bites you!
You freeze the ribbon worm.
The ribbon worm is moderately wounded.
You miscast Freeze.
You are very lightly contaminated with residual magic.
Nothing appears to happen.
The ribbon worm expels a string of sticky webbing.
The stream of webbing hits you but does no damage.
You are caught in a web!
You freeze the ribbon worm.
The ribbon worm is moderately wounded.
The ribbon worm barely misses you.
You struggle to detach yourself from the web.
The ribbon worm bites you but does no damage.
The web tears apart.
The ribbon worm bites you.
You freeze the ribbon worm!
The ribbon worm is severely wounded.
The ribbon worm expels a string of sticky webbing.
The stream of webbing hits you but does no damage.
You are caught in a web!
You freeze the ribbon worm.
The ribbon worm is almost dead.
The ribbon worm bites you.
Your magical contamination has completely faded away.
You are too injured to fight recklessly!
You are too injured to fight recklessly!
You struggle to detach yourself from the web.
The ribbon worm bites you.
* * * LOW HITPOINT WARNING * * *
The web tears apart.
The ribbon worm bites you.
You die...

#......##.#..####.####
#......##)##)..##.....
#########.##.#.#######
#......##.#..#
#.#######.##.####
#####.# #.......#
#<....#### ##...##.#
######...# ##.....###
#@w.# ##.#..... #...#
#...#..# #...#
###..... +...+ ##....
#...# #.#.. #####
#.#.. #...> ###.. #..


You could see a ribbon worm (catching breath).

Vanquished Creatures
  An adder (D:2)
  6 ball pythons
  A bat (D:1)
  A giant cockroach (D:1)
  4 goblins (D:1)
  6 hobgoblins
  5 kobolds
  4 rats
28 creatures vanquished.

Vanquished Creatures (collateral kills)
  A goblin (D:2)
1 creature vanquished.

Grand Total: 29 creatures vanquished

Notes
Turn   | Place    | Note
-------+----------+-------------------------------------------
     0 | D:1      | spacecowgir1 the Deep Elf Ice Elementalist began the quest
                  | for the Orb.
     0 | D:1      | Reached XP level 1. HP: 10/10 MP: 6/6
   271 | D:1      | Reached XP level 2. HP: 7/15 MP: 6/8
   519 | D:1      | Reached skill level 5 in Ice Magic
   935 | D:2      | Reached XP level 3. HP: 15/19 MP: 5/9
  1005 | D:2      | Learned a level 2 spell: Call Imp
  1067 | D:2      | Learned a level 3 spell: Frozen Ramparts
  1258 | D:2      | Found a faded altar of an unknown god.
  1348 | D:2      | Slain by a ribbon worm

Illustrated notes

Levels and vault maps discovered:
D:1:      eino_arrival_druids_welcome, layout_loops_cross
D:2:      layout_basic, ebering_ecumenical_altar_hall, minmay_domino_2

Skill      XL: |  1  2 |
---------------+-------+-----
Ice Magic      | 5 |  5.1
Dodging        | |  2.8
Stealth        | |  2.9
Spellcasting   | |  3.4

Action                     || total
---------------------------++-------
  Melee: Unarmed           ||    18
         Dagger            ||    29
   Cast: Freeze            ||    33
         Call Imp          ||     2
   Stab: Sleeping          ||     3
 Armour: Robe              ||    38
  Dodge: Dodged            ||    55

Table legend: (Time is in decaauts)
 A = Elapsed time spent in this place.
 B = Non-inter-level travel time spent in this place.
 C = Inter-level travel time spent in this place.
 D = Time resting spent in this place.
 E = Time spent auto-exploring this place.
 F = Levels seen in this place.
 G = Mean time per level.
                   A        B        C        D        E       F      G
               +--------+--------+--------+--------+--------+-----+--------+
         Total |   1346 |   1304 |     42 |      0 |    982 |   2 |  673.0 |
       Dungeon |   1346 |   1304 |     42 |      0 |    982 |   2 |  673.0 |
               +--------+--------+--------+--------+--------+-----+--------+

Top non-repeatable levels by time:
     D:1: 862 daAuts
     D:2: 484 daAuts
